 Dungeon Crawl Stone Soup version 0.29-a0-802-g34511f41fd (webtiles) character file.

Game seed: 8892488166958241990

2 jifgo the Shooter (level 1, -1/10 HPs)
             Began as a Spriggan Hunter on July 4, 2022.
             Slain by a jackal (3 damage)
             ... on level 1 of the Dungeon.
             The game lasted 00:00:18 (20 turns).

jifgo the Shooter (Spriggan Hunter)                   Turns: 20, Time: 00:00:19

Health: -1/10      AC:  2    Str:  7    XL:     1   Next: 25%
Magic:  2/2        EV: 17    Int: 10    God:
Gold:   0          SH:  0    Dex: 18    Spells: 0/0 levels left

rFire   . . .      SeeInvis +   a - +0 shortbow
rCold   . . .      Faith    .   (shield currently unavailable)
rNeg    . . .      Spirit   .   c - +0 robe
rPois   .          Reflect  .   (helmet restricted)
rElec   .          Harm     .   (no cloak)
rCorr   .          Rampage  .   (gloves unavailable)
Will    .....                   (boots unavailable)
Stlth   ++........              (no amulet)
HPRegen 0.03/turn               (no ring)
MPRegen 0.08/turn               (no ring)

@: very quick
A: very small, no large weapons, unfitting armour, see invisible, speed 3
a: no special abilities


You were on level 1 of the Dungeon.
You visited 1 branch of the dungeon, and saw 1 of its levels.

Inventory:

Hand Weapons
 a - a +0 shortbow (weapon)
Armour
 c - a +0 robe (worn)
Scrolls
 b - a scroll of immolation


   Skills:
 - Level 1.5 Fighting
 + Level 4.0 Ranged Weapons
 - Level 2.6 Dodging
 + Level 1.8 Stealth


You couldn't memorise any spells.
You didn't know any spells.
Your spell library was empty.

Dungeon Overview and Level Annotations

Branches:
Dungeon (1/15)

Altars:


Innate Abilities, Weirdness & Mutations

You are very small and have problems with some larger weapons.
You are too small for most types of armour.
You have supernaturally acute eyesight. (SInv)
You cover ground extremely quickly. (Speed+++)


Message History

The kobold shouts!
The arrow hits the jackal but does no damage.
The jackal is heavily wounded.
The jackal bites you but does no damage.
The jackal misses you.
Fire: a) +0 shortbow
Press: ? - help, Q - select action Shift-Dir - straight line, f/p - jackal
Aim: a jackal (heavily wounded, 56% to hit)
You shoot an arrow. The arrow closely misses the jackal.
The arrow hits the kobold.
You kill the kobold!
The jackal misses you.
A hobgoblin comes into view.
The jackal misses you.
Fire: a) +0 shortbow
Press: ? - help, Q - select action Shift-Dir - straight line, f/p - jackal
Aim: a jackal (heavily wounded, 56% to hit)
You shoot an arrow. The arrow completely misses the jackal.
The jackal bites you.
* * * LOW HITPOINT WARNING * * *
Fire: a) +0 shortbow
Press: ? - help, Q - select action Shift-Dir - straight line, f/p - jackal
Aim: a jackal (heavily wounded, 56% to hit)
You shoot an arrow. The arrow barely misses the jackal.
The arrow closely misses the jackal.
The jackal barks!
The jackal closely misses you. x2
A dart slug comes into view.
Unknown command.
Fire: a) +0 shortbow
Press: ? - help, Q - select action Shift-Dir - straight line, f/p - jackal
Aim: a jackal (heavily wounded, 56% to hit)
You shoot an arrow.
The arrow hits the jackal but does no damage.
The jackal is heavily wounded.
A jackal comes into view.
The jackal bites you.
* * * LOW HITPOINT WARNING * * *
The jackal bites you.
You die...

#.......#.w
.......#†.
##......)...
#......g#$...
#.......#....
#...........##
#..h.........
#@..........
##..........
#......♣.^.
#.....8....
#..<.......
##.........
#.........
#.........
##########


You could see a dart slug, a jackal and a hobgoblin.

Vanquished Creatures
  A jackal (D:1)
  A kobold (D:1)
2 creatures vanquished.

Notes
Turn   | Place    | Note
-------+----------+-------------------------------------------
     0 | D:1      | jifgo the Spriggan Hunter began the quest for the Orb.
     0 | D:1      | Reached XP level 1. HP: 10/10 MP: 2/2
    20 | D:1      | Slain by a jackal

Illustrated notes

Levels and vault maps discovered:
D:1:      wander_arrival_peaceful_grave, layout_rooms, serial_shops,
          nicolae_shop_waterfront, ebering_ecumenical_altar_ruins

Action                   || total
-------------------------++-------
 Fire: Shortbow          ||    16
Armor: Robe              ||     2
Dodge: Dodged            ||    15

Table legend: (Time is in decaauts)
 A = Elapsed time spent in this place.
 B = Non-inter-level travel time spent in this place.
 C = Inter-level travel time spent in this place.
 D = Time resting spent in this place.
 E = Time spent auto-exploring this place.
 F = Levels seen in this place.
 G = Mean time per level.
                   A        B        C        D        E       F      G
               +--------+--------+--------+--------+--------+-----+--------+
         Total |     22 |     22 |      0 |      0 |      2 |   1 |   22.0 |
       Dungeon |     22 |     22 |      0 |      0 |      2 |   1 |   22.0 |
               +--------+--------+--------+--------+--------+-----+--------+

Top non-repeatable levels by time:
     D:1: 22 daAuts
